 Dungeon Crawl Stone Soup version 0.27.0-1-g7a089689b8 (webtiles) character file.

Game seed: 12982629652780951615

31 sanka the Shield-Bearer (level 3, -1/30 HPs)
             Began as a Djinni Fighter on Aug 5, 2021.
             Slain by an orc (5 damage)
             ... on level 4 of the Dungeon.
             The game lasted 00:01:15 (988 turns).

sanka the Shield-Bearer (Djinni Fighter)             Turns: 988, Time: 00:01:16

Health: -1/30      AC:  6    Str: 15    XL:     3   Next: 40%
Gold:   38         EV:  6    Int: 10    God:
                   SH:  8    Dex: 12

rFire    + + .     SeeInvis .   a - +0 long sword
rCold    x . .     Faith    .   c - +0 kite shield
rNeg     . . .     Spirit   .   b - +0 scale mail
rPois    ∞         Reflect  .   (no helmet)
rElec    .         Harm     .   (no cloak)
rCorr    .         Rampage  .   (no gloves)
Will     .....                  (boots unavailable)
Stlth    ..........             (no amulet)
HPRegen  0.10/turn              (no ring)
MPRegen  0.00/turn              (no ring)

@: flying
A: sickness immunity, fire resistance 2, cold vulnerability 1, float, innate
caster, hp casting, extra vitality 1
a: no special abilities


You were on level 4 of the Dungeon.
You visited 1 branch of the dungeon, and saw 3 of its levels.

You collected 38 gold pieces.


Innate Abilities, Weirdness & Mutations

You are immune to sickness and miasma.
You are immune to poison.
Your flesh is very heat resistant. (rF++)
You are vulnerable to cold. (rC-)
You float through the air rather than walking.
You learn spells naturally, not from books.
Your magical power is your life essence.
You have superior vitality. (+4 HP)


   Skills:
 - Level 3.0 Fighting
 - Level 2.0 Long Blades
 - Level 3.0 Armour
 - Level 3.0 Shields
 + Level 1.9 Spellcasting


You had 4 spell levels left.
You knew the following spells:

 Your Spells              Type           Power      Damage    Failure   Level
z - Pain                  Necr           16%        1d4       94%         1
Your spell library was empty.

Inventory:

Hand Weapons
 a - a +0 long sword (weapon)
Armour
 b - a +0 scale mail (worn)
 c - a +0 kite shield (worn)
 i - a +0 ring mail
Scrolls
 f - a scroll of identify {unknown}
 h - a scroll of amnesia {unknown}
Potions
 d - a potion of might
 e - a potion of curing {unknown}
 g - a potion of invisibility {unknown}
 j - a potion of heal wounds {unknown}

Dungeon Overview and Level Annotations

Branches:
Dungeon (2/15)

Altars:

Annotations:
D:4 1 runed translucent door, stickyfingers's ghost, amateur HOMo

▒▒▒ ▒.▒▒ .▒ ...
▒..▒▒.▒
▒.▒▒▒...▒.▒ .
.........▒▒▒ B
▒.........▒▒.
▒......o...o.
▒▒▒▒▒▒.▒...▒▒▒..▒.
▒.o...o▒▒.▒.......
▒R▒▒▒▒▒▒▒....▒▒.▒.
▒.▒ ▒..▒.††... ▒.▒
▒▒...▒▒▒.. ▒.▒
▒▒.▒▒ ▒.. ▒.▒ ▒.▒
▒J. ▒.. ..▒ ▒..
▒.▒ ▒▒▒▒ ... ▒.▒
... ▒£▒ ...


You could see 2 orcs.


Message History

You slash the worm!
The worm is severely wounded.
You block the worm's attack.
You slash the worm!
You kill the worm!
You start resting.
Stickyfingers's ghost whispers, "The ORB doesn't exist."
Stickyfingers's ghost lets out a mournful wail.
Stickyfingers's ghost says, "Try not to bleed too much."
Stickyfingers's ghost shouts, "You will join me soon!"
Stickyfingers's ghost lets out a mournful wail.
An orc comes into view. It is wielding a +0 flail.
The orc shouts!
Found 8 gold pieces.
You start resting.
An orc is nearby!
The orc hits you with a +0 flail.
* * * LOW HITPOINT WARNING * * *
You closely miss the orc. The orc hits you with a +0 flail!
* * * LOW HITPOINT WARNING * * *
The orc closely misses you.
You barely miss the orc.
An orc comes into view. It is wielding a +0 flail.
You block the orc's attack.
The orc shouts!
You hit the orc.
The orc is lightly wounded.
The orc hits you with a +0 flail.
You die...

Action                   || total
-------------------------++-------
Melee: Long sword        ||    66
Armor: Scale mail        ||    29
Dodge: Dodged            ||    26
Block: Kite shield       ||    29
       Rpst.: Long sword ||     7

Levels and vault maps discovered:
D:1:      lemuel_arrival_behind_the_door_small, layout_loops_ring, st_stairs_3
D:2:      layout_basic, basic_altar, uniq_jessica, uniq_robin
D:4:      layout_loops_ring, hellmonk_ghost_happy_afterlife,
          supply_closet_lemuel

Notes
Turn   | Place    | Note
-------+----------+-------------------------------------------
     0 | D:1      | sanka the Djinni Fighter began the quest for the Orb.
     0 | D:1      | Reached XP level 1. HP: 20/20 MP: 0/0
    82 | D:1      | Reached skill level 2 in Long Blades
   137 | D:1      | Reached XP level 2. HP: 19/25 MP: 0/0
   141 | D:1      | Reached skill level 1 in Spellcasting
   733 | D:2      | Reached XP level 3. HP: 29/30 MP: 0/0
   733 | D:2      | Learned a level 1 spell: Pain
   853 | D:2      | You are sucked into a shaft and drop 2 floors!
   870 | D:4      | Found a runed translucent door.
   870 | D:4      | Noticed stickyfingers's ghost (amateur HOMo)
   986 | D:4      | HP: 3/30 [orc (8)]
   988 | D:4      | Slain by an orc

Vanquished Creatures
  A worm (D:4)
  3 endoplasms
  2 giant cockroaches
  7 hobgoblins
  3 jackals (D:4)
  A quokka (D:1)
  2 ball pythons (D:1)
  A frilled lizard (D:1)
  3 kobolds (D:1)
  A rat (D:1)
24 creatures vanquished.
